 Dungeon Crawl Stone Soup version 0.29.1-15-g9cfb28693d (webtiles) character file.

Game seed: 9806811574441437174

8 Artool the Trooper (level 2, 15/24 HPs)
             Began as a Demonspawn Fighter on Apr 6, 2023.
             Quit the game on level 1 of the Dungeon.
             The game lasted 00:00:27 (123 turns).

Artool the Trooper (Demonspawn Fighter)              Turns: 123, Time: 00:00:28

Health: 15/24      AC:  6    Str: 16    XL:     2   Next: 0%
Magic:  2/2        EV:  8    Int:  9    God:
Gold:   0          SH:  4    Dex: 12    Spells: 1/1 levels left

rFire   . . .      SeeInvis .   a - +0 flail
rCold   . . .      Faith    .   c - +0 buckler
rNeg    . . .      Spirit   .   b - +0 scale mail
rPois   .          Reflect  .   (no helmet)
rElec   .          Harm     .   (no cloak)
rCorr   .          Rampage  .   (no gloves)
Will    .....                   (no boots)
Stlth   ..........              (no amulet)
HPRegen 0.08/turn               (no ring)
MPRegen 0.08/turn               (no ring)

@: no status effects
A: hooves 1
a: no special abilities


You were on level 1 of the Dungeon.
You visited 1 branch of the dungeon, and saw 1 of its levels.

Inventory:

Hand Weapons
 a - a +0 flail (weapon)
Armour
 b - a +0 scale mail (worn)
 c - a +0 buckler (worn)
Scrolls
 e - a scroll of poison {unknown}
 f - a scroll of blinking {unknown}
Potions
 d - a potion of might
 g - a potion of curing {unknown}
 h - a potion of resistance {unknown}


   Skills:
 + Level 3.2 Fighting
 + Level 2.0 Maces & Flails
 + Level 2.8 Armour
 - Level 2.6 Shields


You had one spell level left.
You didn't know any spells.
Your spell library was empty.

Dungeon Overview and Level Annotations

Branches:
Dungeon (1/15)

Altars:

Shops:
D:1 =


Innate Abilities, Weirdness & Mutations

You have large cloven feet.


Message History

The jackal barely misses you.
You closely miss the jackal. You block the jackal's attack.
You thump the jackal!
You kill the jackal!
The goblin hits you with a +0 dagger. The goblin hits you but does no damage.
You barely miss the jackal.
The jackal is severely wounded.
The jackal bites you.
The jackal bites you but does no damage.
The jackal barely misses you.
The jackal bites you but does no damage.
The goblin hits you but does no damage.
The jackal bites you but does no damage.
The goblin hits you but does no damage.
The jackal bites you but does no damage. x2
The jackal attacks as you move away!
The jackal bites you but does no damage.
The goblin hits you but does no damage. The jackal attacks as you move away!
The jackal bites you but does no damage.
You block the jackal's attack.
You closely miss the jackal.
The jackal is severely wounded.
The jackal closely misses you. The jackal bites you.
You sock the jackal!
You kill the jackal!
You block the jackal's attack.
You barely miss the jackal. You block the jackal's attack.
The jackal closely misses you.
You hit the jackal.
You kill the jackal!
The goblin hits you but does no damage.
Your Maces & Flails skill increases to level 2!
You sock the goblin!
You kill the goblin!
You have reached level 2!
You feel monstrous as your demonic heritage exerts itself.
Your demonic ancestry asserts itself...
Your feet thicken and deform.
Are you sure you want to abandon this character and quit the game? (Confirm with "yes".)

#....# ##........###.#
######.# #.###.....(...#
#......###..#....#######
#.......##.#.#####
#.....)......#
#.......##.###
#......#.### ##.....#.#
#..####@# #..# #)# .#
#..# #.####.##
#..####.#...[..
#..............
#.###...######. #.#†#
#.#.# #.#.#


There were no monsters in sight!

Vanquished Creatures
  A bat (D:1)
  2 goblins (D:1)
  3 jackals (D:1)
6 creatures vanquished.

Notes
Turn   | Place    | Note
-------+----------+-------------------------------------------
     0 | D:1      | Artool the Demonspawn Fighter began the quest for the Orb.
     0 | D:1      | Reached XP level 1. HP: 18/18 MP: 1/1
    68 | D:1      | Found Guegehedirph's Jewellery Shoppe.
   123 | D:1      | Discovered your monstrous ancestry.
   123 | D:1      | Gained mutation: You have large cloven feet. [demonic
                  | ancestry]
   123 | D:1      | Reached XP level 2. HP: 15/24 MP: 2/2
   123 | D:1      | Quit the game

Illustrated notes

Levels and vault maps discovered:
D:1:      sevenhm_arrival_forest_fort_small_5, layout_loops_ring,
          shapermc_ecumenical_altar_mp_vishouse, serial_shops,
          nicolae_diamond_shop, nicolae_shop_behind_doors, shop

Skill      XL: |  1 |
---------------+----+-----
Maces & Flails | 2 |  2.0
Fighting       | |  3.2
Armour         | |  2.8
Shields        | |  2.6

Action                   || total
-------------------------++-------
Melee: Flail             ||    21
Armor: Scale mail        ||    28
Dodge: Dodged            ||    16
Block: Buckler           ||     8
